 Dungeon Crawl Stone Soup version 0.29.0-7-g18a832c13a (webtiles) character file.

Game seed: 9196601392628601230

3727 Regnix the Thaumaturge (level 9, -19/64 HPs)
             Began as a Mummy Necromancer on Aug 30, 2022.
             Was a Follower of Kikubaaqudgha.
             Demolished by Harold
             ... wielding a +0 glaive
              (24 damage)
             ... on level 9 of the Dungeon.
             The game lasted 00:47:48 (8112 turns).

Regnix the Thaumaturge (Mummy Necromancer)          Turns: 8112, Time: 00:47:49

Health: -19/64     AC:  7    Str: 11    XL:     9   Next: 92%
Magic:  22/22      EV:  7    Int: 19    God:    Kikubaaqudgha [*.....]
Gold:   319        SH:  0    Dex: 12    Spells: 4/26 levels left

rFire   x . .      SeeInvis .   l - +8 short sword of Infection {venom, rElec}
rCold   + . .      Faith    .   (no shield)
rNeg    + + +      Spirit   .   a - +1 robe
rPois   ∞          Reflect  .   (no helmet)
rElec   +          Harm     .   (no cloak)
rCorr   .          Rampage  .   (no gloves)
Will    +....                   (no boots)
Stlth   ++........              q - amulet of magic regeneration
HPRegen 0.20/turn               f - +4 ring of protection
MPRegen 0.58/turn               o - ring of flight

@: flying, held
A: cold resistance 1, negative energy resistance 3, torment resistance 2, heat
vulnerability 1, in touch with death 1, no potions
a: Renounce Religion, Unearth Wretches


You were on level 9 of the Dungeon.
You worshipped Kikubaaqudgha.
Kikubaaqudgha was aware of your devotion.
You visited 2 branches of the dungeon, and saw 10 of its levels.

You collected 319 gold pieces.

Inventory:

Hand Weapons
 c - a +2 short sword of venom
 e - a +0 dagger
 j - a +3 dagger of protection
 l - the +8 short sword of Infection (weapon) {venom, rElec}
   (You found it on level 5 of the Dungeon)

   It poisons the flesh of those it strikes.
   rElec:     It insulates you from electricity.
 r - a +0 dagger of speed
Missiles
 d - 9 atropa-tipped darts
 h - 5 silver javelins (quivered)
 k - a throwing net
 p - 7 poisoned darts
Armour
 a - a +1 robe (worn)
 w - a +2 leather armour of willpower
Jewellery
 f - a +4 ring of protection (left hand)
 o - a ring of flight (right hand)
 q - an amulet of magic regeneration (around neck)
 s - a ring of ice
Wands
 n - a wand of acid (3)
 u - a wand of flame (18)
 v - a wand of digging (9)
 z - a wand of charming (7)
Scrolls
 b - a scroll of fog
 g - a scroll of amnesia
 i - a scroll of magic mapping
 m - 5 scrolls of identify
 t - a scroll of enchant armour


   Skills:
 + Level 3.2 Fighting
 + Level 4.7 Short Blades
 + Level 0.2 Throwing
 + Level 5.1 Dodging
 + Level 2.6 Stealth
 + Level 9.4 Spellcasting
 + Level 0.1 Hexes
 + Level 0.1 Summonings
 + Level 8.4 Necromancy
 + Level 0.7 Fire Magic
 + Level 0.5 Evocations


You had 4 spell levels left.
You knew the following spells:

 Your Spells              Type           Power      Damage    Failure   Level
a - Necrotise             Necr           100%       1d9       1%          1
b - Vampiric Draining     Necr           58%        2d10      1%          3
c - Agony                 Necr           58%        N/A       7%          5
d - Animate Dead          Necr           58%        N/A       2%          4
e - Tukima's Dance        Hex            9%         N/A       22%         3
f - Scorch                Fire           22%        2d6       9%          2
g - Anguish               Hex/Necr       19%        N/A       13%         4

Your spell library contained the following spells:

 Spells                   Type           Power      Damage    Failure   Level
 Apportation              Tloc           18%        N/A       8%          1
 Freeze                   Ice            36%        1d6       8%          1
 Summon Small Mammal      Summ           36%        N/A       8%          1
 Portal Projectile        Hex/Tloc       18%        N/A       22%         3
 Frozen Ramparts          Ice            18%        1d3       24%         3
 Flame Wave               Conj/Fire      10%        2d6       56%         4
 Hailstorm                Conj/Ice       9%         3d4       61%         4
 Summon Cactus Giant      Summ           4%         N/A       100%        6
 Blade Hands              Tmut           Unusable   N/A       N/A         5

Dungeon Overview and Level Annotations

Branches:
Dungeon (9/15)             Temple (1/1) D:6
   Lair: D:8-11         Orc: D:9-12

Altars:
Ashenzari
Cheibriados
Fedhas
Gozag
Kikubaaqudgha
Makhleb
Ru
Uskayaw
Wu Jian
Xom
Yredelemnul

Shops:
D:7 [

Annotations:
D:4 Menkaure
D:7 Maggie
D:9 Harold


Innate Abilities, Weirdness & Mutations

You are immune to poison.
Your flesh is cold resistant. (rC+)
You are immune to negative energy. (rN+++)
You are immune to unholy pain and torment.
You are vulnerable to heat. (rF-)
You are in touch with the powers of death.
You do not drink.


Message History

The wight closely misses you.
You closely miss the wight.
The wight is moderately damaged.
The wight hits you with a +0 scimitar.
You puncture the wight! You punch the wight, but do no damage.
The wight is severely damaged.
The wight hits you with a +0 scimitar!
You barely miss the wight. Your punch misses the wight.
The wight is severely damaged.
The wight misses you.
You puncture the wight!
You destroy the wight!
Kikubaaqudgha accepts your kill.
Things that are here:
a +0 scimitar; a +0 robe
There is a stone staircase leading down here.
You fly downwards.
The yak bellows! x3; Harold shouts!
There is a stone staircase leading up here.
Harold throws a throwing net.
The throwing net hits you.
You become entangled in the net!
You stop ascending the stairs.
The yak gores you. The yak barely misses you.
As you read the scroll labelled PIR YDUJODORCH, it crumbles to dust.
You feel a surge of unholy energy.
The yak convulses! x3; Harold convulses!
It was a scroll of torment.
Harold barely misses you. The yak closely misses you. The yak gores you.
The yak gores you!
As you read the scroll labelled BOARHU WOAMIT, it crumbles to dust.
The creatures around you are filled with an inner flame!
It was a scroll of immolation.
The yak gores you! The yak gores you. The yak gores you!
* * * LOW HITPOINT WARNING * * *
Harold hits you from afar with a +0 glaive!
* * * LOW HITPOINT WARNING * * *
Aiming: Charm
Press: ? - help, Shift-Dir - straight line, f - Harold
Aim: Harold, wielding a +0 glaive, wearing a +0 scale mail and quivering 2 throwing nets (heavily wounded, inner flame, chance to affect: 18%)
The yak is charmed.
Harold hits you from afar with a +0 glaive!!
You die...
Kikubaaqudgha rasps: "You have failed me!
Welcome... oblivion!"

###+######
.........#
.........+
.........#
......Y@.#
......YY.#
......@..#
.........#
.........#
##########


You could see Harold (inner flame), 2 yaks and a friendly yak (charmed, inner
flame).

Vanquished Creatures
  A manticore (D:8)
  A hornet (D:8)
  A steam dragon (D:8)
  Duvessa (D:8)
  2 ice beasts
  2 black bears (D:5)
  2 wolves (D:8)
  An ogre (D:5)
  A centaur (D:6)
  2 bullfrogs
  A scorpion (D:5)
  4 wights (D:8)
  Dowan (D:8)
  7 killer bees (D:8)
  A howler monkey (D:6)
  A jelly (D:7)
  4 hounds
  2 orc priests
  3 gnoll boudas
  2 iguanas
  3 orc wizards (D:8)
  Robin (D:3)
  18 gnolls
  6 adders
  2 shadow imps (D:7)
  A white imp (D:6)
  An ufetubus (D:7)
  2 dart slugs (D:1)
  14 orcs
  A bat (D:3)
  3 endoplasms
  A giant cockroach (D:2)
  12 goblins
  8 hobgoblins
  6 kobolds
  4 quokkas
  10 ball pythons
  7 frilled lizards
  4 rats
144 creatures vanquished.

Vanquished Creatures (collateral kills)
  A troll (D:8)
  A water moccasin (D:8)
  2 wolves (D:8)
  A kobold brigand (D:8)
  A killer bee (D:8)
  A jelly (D:6)
  A hound (D:8)
  A gnoll (D:6)
  A white imp (D:6)
  An orc (D:8)
  A ball python (D:2)
  A goblin (D:3)
  5 kobolds (D:8)
18 creatures vanquished.

Vanquished Creatures (others)
  A hornet zombie (D:8)
  A water moccasin zombie (D:8)
  A troll zombie (D:8)
  2 wolf zombies (D:8)
  A killer bee zombie (D:8)
  5 orc zombies (D:8)
  6 gnoll zombies
17 creatures vanquished.

Grand Total: 179 creatures vanquished

Notes
Turn   | Place    | Note
-------+----------+-------------------------------------------
     0 | D:1      | Regnix the Mummy Necromancer began the quest for the Orb.
     0 | D:1      | Reached XP level 1. HP: 13/13 MP: 4/4
   378 | D:1      | Reached XP level 2. HP: 19/19 MP: 0/5
   441 | D:1      | Reached skill level 3 in Spellcasting
  1310 | D:2      | Found a faded altar of an unknown god.
  1316 | D:2      | Gained mutation: You are in touch with the powers of death.
                  | [Mummy growth]
  1316 | D:2      | Reached XP level 3. HP: 23/24 MP: 5/7
  1396 | D:2      | Learned a level 3 spell: Vampiric Draining
  1398 | D:2      | Learned a level 1 spell: Summon Small Mammal
  1691 | D:2      | Reached XP level 4. HP: 30/30 MP: 6/9
  1708 | D:2      | Learned a level 4 spell: Animate Dead
  2320 | D:3      | Reached skill level 5 in Necromancy
  2468 | D:3      | Reached skill level 4 in Spellcasting
  2691 | D:3      | Reached XP level 5. HP: 35/35 MP: 1/11
  2776 | D:3      | Found a hide-covered altar of Uskayaw.
  3324 | D:3      | Noticed Robin
  3355 | D:3      | Killed Robin
  3461 | D:3      | Learned a level 5 spell: Agony
  3557 | D:4      | Noticed Menkaure
  3613 | D:5      | Entered Level 5 of the Dungeon
  3613 | D:5      | Noticed an ice beast
  3629 | D:5      | Reached skill level 1 in Short Blades
  3629 | D:5      | Killed an ice beast
  3630 | D:5      | Reached skill level 5 in Spellcasting
  3630 | D:5      | Reached XP level 6. HP: 30/42 MP: 13/13
  3769 | D:5      | Reached XP level 7. HP: 34/47 MP: 11/15
  3779 | D:5      | Learned a level 3 spell: Tukima's Dance
  3997 | D:5      | Identified the +8 short sword of Infection {venom, rElec}
  4143 | D:5      | Reached skill level 6 in Spellcasting
  4446 | D:6      | Reached skill level 1 in Fighting
  4932 | D:6      | Found a staircase to the Ecumenical Temple.
  4941 | Temple   | Entered the Ecumenical Temple
  4950 | Temple   | Became a worshipper of Kikubaaqudgha
  5411 | D:6      | Reached XP level 8. HP: 36/54 MP: 16/18
  5720 | D:7      | Found Asan's Antique Armour Emporium.
  5723 | D:7      | Noticed Duvessa
  5729 | D:7      | Noticed Maggie
  5729 | D:7      | Noticed Dowan
  5977 | D:7      | Reached skill level 7 in Spellcasting
  6100 | D:8      | Killed Duvessa
  6104 | D:8      | Killed Dowan
  6356 | D:8      | Noticed a troll
  6396 | D:8      | Killed a troll
  6397 | D:8      | Reached skill level 8 in Spellcasting
  6401 | D:8      | Reached XP level 9. HP: 22/61 MP: 21/21
  7080 | D:8      | Learned a level 2 spell: Scorch
  7190 | D:8      | Reached * piety under Kikubaaqudgha
  7190 | D:8      | Received a gift from Kikubaaqudgha
  7396 | D:8      | Learned a level 4 spell: Anguish
  7461 | D:8      | Reached skill level 9 in Spellcasting
  7713 | D:8      | Reached skill level 5 in Dodging
  7723 | D:8      | Noticed a manticore
  7739 | D:8      | Killed a manticore
  8108 | D:9      | Noticed Harold
  8112 | D:9      | Demolished by Harold

Illustrated notes

Levels and vault maps discovered:
D:1:      dpeg_arrival_stonehenge_8_columns, layout_basic, nrook_loot_triangle,
          hex_medium, minmay_split_cup_small
D:2:      layout_loops_ring, basic_ecumenical_altar
D:3:      layout_basic, mainiacjoe_overflow_small_starburst,
          kennysheep_generic_room_14, uniq_robin
D:4:      layout_rooms, nicolae_overflow_hidden_temple, uniq_menkaure
D:5:      layout_gridville
D:6:      layout_basic, minmay_temple_entry_junction
D:7:      layout_cave_pools, serial_shops, shop, uniq_maggie, uniq_duvessa
D:8:      layout_basic, erik_lair_island
D:9:      layout_roguey, grunt_temple_overflow_open,
          grunt_temple_overflow_diamond, zombieorc1_lemuel,
          corexii_leaking_fountain, uniq_gastronok, uniq_harold,
          uniq_prince_ribbit1
Temple:   compressed_dpeg_triangle_lava_temple

Skill      XL: |  1  2  3  4  5  6  7  8  9 |
---------------+----------------------------+-----
Spellcasting   | 3 4 5 6 8 9 |  9.4
Necromancy     | 5 6 7 8 |  8.4
Dodging        | 2 3 5 |  5.1
Short Blades   | 1 2 3 4 |  4.7
Stealth        | 2 |  2.6
Fighting       | 1 2 3 |  3.2
Throwing       | |  0.2
Hexes          | |  0.1
Summonings     | |  0.1
Fire Magic     | |  0.7
Evocations     | |  0.5

Action                   |  1- 3 |  4- 6 |  7- 9 || total
-------------------------+-------+-------+-------++-------
Melee: Dagger            |    43 |   115 |    27 ||   185
       Punch             |     1 |     2 |     2 ||     5
       Short sword       |       |       |   188 ||   188
Throw: Throwing net      |       |     2 |       ||     2
 Cast: Necrotise         |    45 |    34 |    22 ||   101
       Summon Small Mamm |     4 |     1 |       ||     5
       Vampiric Draining |     1 |     9 |    30 ||    40
       Animate Dead      |       |     5 |    10 ||    15
       Scorch            |       |       |     5 ||     5
       Anguish           |       |       |     1 ||     1
Evoke: Wand              |       |     4 |     6 ||    10
  Use: Scroll            |       |     9 |     4 ||    13
 Stab: Sleeping          |     1 |     2 |     1 ||     4
       Held in net/web   |       |     1 |       ||     1
Armor: Robe              |    16 |    68 |    77 ||   161
Dodge: Dodged            |    22 |   122 |   216 ||   360
